 Dungeon Crawl Stone Soup version 0.19.1 (webtiles) character file.

6137 nikopol the Cleaver (level 10, -5/64 HPs)
             Began as a Gargoyle Berserker on Dec 21, 2016.
             Was a High Priest of Trog.
             Slain by Idleism's ghost (21 damage)
             ... on level 9 of the Dungeon.
             The game lasted 00:28:10 (8478 turns).

nikopol the Cleaver (Gargoyle Berserker)            Turns: 8478, Time: 00:28:11

Health: -5/64      AC: 21    Str: 21    XL:     10   Next: 89%
Magic:  10/10      EV: 13    Int:  8    God:    Trog [*****.]
Gold:   568        SH:  5    Dex: 12    Spells: 0 memorised, 9 levels left

rFire  . . .     SeeInvis .     a - +0 war axe
rCold  . . .     Gourm    .     e - +0 scale mail
rNeg   + . .     Faith    .     (no shield)
rPois  ∞         Spirit   .     (no helmet)
rElec  +         Reflect  +     q - +0 cloak
rCorr  .         Harm     .     (no gloves)
MR     .....     Rnd*Tele +     (no boots)
Stlth  ..........               I - +5 amulet of reflection
                                s - +5 ring of protection
                                H - ring of teleportation (curse)

@: exhausted, slowed, very slow
A: negative energy resistance 1, electricity resistance, unbreathing,
petrification resistance, rot immunity, AC +7
a: Berserk, Trog's Hand, Brothers in Arms, Burn Spellbooks, Renounce Religion


You were on level 9 of the Dungeon.
You worshipped Trog.
Trog was extremely pleased with you.
You were very hungry.

You visited 1 branch of the dungeon, and saw 9 of its levels.
You also visited: Sewer.

You collected 568 gold pieces.

Inventory:

Hand Weapons
 a - a +0 war axe (weapon)
 z - a +0 shortbow
Missiles
 l - 195 arrows (quivered)
Armour
 b - a +0 animal skin
 e - a +0 scale mail (worn)
 q - a +0 cloak (worn)
Jewellery
 s - a +5 ring of protection (right hand)
 H - a cursed ring of teleportation (left hand)
 I - a +5 amulet of reflection (around neck)
Wands
 i - a wand of lightning (5/15)
 k - a wand of teleportation (6/9)
 t - a wand of disintegration (7/24)
 v - a wand of digging (10/24)
 M - a wand of polymorph (3/24)
Scrolls
 j - 5 scrolls of remove curse
 r - 5 scrolls of teleportation {unknown}
 x - 3 scrolls of random uselessness {unknown}
 y - a scroll of recharging {unknown}
 A - a scroll of enchant armour {unknown}
 C - a scroll of blinking {unknown}
 E - 2 scrolls of amnesia {unknown}
 F - 4 scrolls of identify
 N - 3 scrolls of noise {unknown}
 P - 2 scrolls of magic mapping
Potions
 f - 3 potions of ambrosia {unknown}
 h - 2 potions of degeneration {unknown}
 n - 3 potions of curing {unknown}
 o - a potion of cancellation {unknown}
 p - 6 potions of brilliance
 u - 5 potions of agility
 B - 2 potions of heal wounds {unknown}
 D - a potion of might {unknown}
 G - a potion of flight {unknown}
 J - a potion of beneficial mutation {unknown}
 K - 2 potions of cure mutation
Comestibles
 c - 3 bread rations
 d - 5 meat rations
 g - 2 slices of pizza
 m - 3 fruits
 w - 2 beef jerkies
 L - 10 royal jellies
 O - 2 chunks of flesh


   Skills:
 + Level 8.0 Fighting
 * Level 8.3 Axes
 * Level 7.0 Bows
 + Level 7.7 Armour
 + Level 5.8 Dodging


You had 9 spell levels left.
You didn't know any spells.

Dungeon Overview and Level Annotations

Branches:
Dungeon (9/15)             Temple (0/1) D:4            Lair (0/6) D:8
    Orc (0/2) D:9

Altars:
Kikubaaqudgha
Qazlal
Ru
Sif Muna
Trog
Xom
Zin

Shops:
D:6 :   D:8 ?   D:9 ([

Annotations:
D:9 Idleism's ghost, journeyman MiBe


Innate Abilities, Weirdness & Mutations

You are resistant to torment.
Your stone body is resilient. (AC +7)
You are immune to poison.
You resist negative energy. (rN+)
You are resistant to electric shocks. (rElec)
You can survive without breathing.
You are immune to petrification.
You are immune to rotting.


Message History

Idleism's ghost closely misses you.
You slash Idleism's ghost!
Idleism's ghost is heavily damaged.
You block Idleism's ghost's attack.
You slice Idleism's ghost!!
Idleism's ghost is almost destroyed.
You slash Idleism's ghost!
Idleism's ghost is almost destroyed.
You are no longer berserk.
You are exhausted.
You feel yourself slow down. Idleism's ghost hits you.
* * * LOW HITPOINT WARNING * * *
You closely miss Idleism's ghost.
Idleism's ghost is almost destroyed.
You block Idleism's ghost's attack. Idleism's ghost closely misses you.
You are feeling very hungry.
You hit Idleism's ghost but do no damage.
Idleism's ghost is almost destroyed.
Idleism's ghost hits you!!
You die...

##.###...###....##...
###
....#.................
....#.................
....#.................
##..##...####...##...#
##).##...####'### ...#
................# ..#
.......[........###'###.
................@W.((($.
.....................#..
######################


You could see Idleism's ghost.

Vanquished Creatures
  Gastronok (D:8)
  Pikel (D:6)
  Maurice (D:7)
  The ghost of empire the Sneak, a novice NaIE of Sif Muna (D:5)
  A hornet (D:9)
  Menkaure (D:6)
  An orc warrior (D:6)
  3 slaves (D:6)
  2 sky beasts (D:7)
  A phantom (D:5)
  2 ice beasts
  3 ogres
  4 centaurs
  5 bullfrogs
  3 big kobolds
  2 howler monkeys (D:6)
  6 crimson imps
  4 jellies (D:8)
  A quasit (D:8)
  A hound (D:8)
  3 orc wizards (D:8)
  3 orc priests
  A gnoll shaman (D:6)
  3 iguanas
  2 hell rats (D:8)
  10 worker ants
  A hound zombie (D:5)
  A worker ant zombie (D:5)
  4 gnolls (D:6)
  7 adders
  10 river rats
  5 shadow imps
  11 oozes
  An adder zombie (D:6)
  3 worms
  4 leopard geckos
  14 orcs
  8 ball pythons
  14 bats
  7 giant cockroaches
  5 goblins
  9 hobgoblins
  6 jackals
  28 kobolds
  5 quokkas
  8 frilled lizards
  A quokka skeleton (D:5)
  A quokka zombie (D:5)
  28 rats
247 creatures vanquished.

Vanquished Creatures (others)
  A centaur (D:6)
  2 adders
3 creatures vanquished.

Grand Total: 250 creatures vanquished

Notes
Turn   | Place    | Note
-------+----------+-------------------------------------------
     0 | D:1      | nikopol the Gargoyle Berserker began the quest for the Orb.
     0 | D:1      | Reached XP level 1. HP: 14/14 MP: 1/1
   125 | D:1      | Reached XP level 2. HP: 12/19 MP: 2/2
   455 | D:1      | Reached XP level 3. HP: 21/23 MP: 3/3
   498 | D:1      | Reached ** piety under Trog
  1177 | D:2      | Reached XP level 4. HP: 29/29 MP: 4/4
  1399 | D:2      | Found a glowing silver altar of Zin.
  1408 | D:2      | Found an ancient bone altar of Kikubaaqudgha.
  1649 | D:3      | Found a sacrificial altar of Ru.
  1896 | D:3      | Reached XP level 5. HP: 33/33 MP: 5/5
  2258 | D:4      | Found a glowing drain.
  2264 | Sewer    | Entered a sewer
  2397 | Sewer    | Reached XP level 6. HP: 29/39 MP: 6/6
  2486 | Sewer    | Reached *** piety under Trog
  2748 | Sewer    | Reached skill level 5 in Fighting
  2930 | Sewer    | Reached **** piety under Trog
  3412 | D:4      | Found a staircase to the Ecumenical Temple.
  3737 | D:5      | Entered Level 5 of the Dungeon
  3767 | D:5      | Found a stormy altar of Qazlal.
  3809 | D:5      | Noticed empire's ghost (novice NaIE)
  3833 | D:5      | Reached XP level 7. HP: 44/44 MP: 7/7
  3834 | D:5      | Killed empire's ghost
  3919 | D:5      | Reached skill level 5 in Armour
  3960 | D:5      | Reached XP level 8. HP: 50/51 MP: 8/8
  4142 | D:5      | Reached skill level 5 in Axes
  4142 | D:5      | Reached skill level 1 in Bows
  4190 | D:5      | Found a deep blue altar of Sif Muna.
  4649 | D:6      | Noticed Pikel
  4689 | D:6      | Killed Pikel
  4689 | D:6      | Reached XP level 9. HP: 41/56 MP: 9/9
  4925 | D:6      | Reached ***** piety under Trog
  5211 | D:6      | Found Peda's Book Emporium.
  5311 | D:6      | Noticed Menkaure
  5321 | D:6      | Killed Menkaure
  5943 | D:7      | Reached skill level 5 in Bows
  6184 | D:7      | Reached skill level 5 in Dodging
  6331 | D:7      | Noticed a moth of wrath
  6334 | D:7      | Found a bloodstained altar of Trog.
  6610 | D:8      | Noticed Maurice
  6680 | D:8      | Noticed Gastronok
  6705 | D:8      | Killed Gastronok
  6705 | D:8      | Reached XP level 10. HP: 24/64 MP: 10/10
  6970 | D:7      | Killed Maurice
  7162 | D:8      | Received a gift from Trog
  7267 | D:8      | Found a staircase to the Lair.
  7645 | D:8      | Found a shimmering altar of Xom.
  7852 | D:8      | Found Lareilul's Magic Scroll Emporium.
  8225 | D:9      | Found Irea's Armour Shop.
  8232 | D:9      | Found a staircase to the Orcish Mines.
  8234 | D:9      | Found Huysobb's Weapon Shop.
  8455 | D:9      | Noticed Idleism's ghost (journeyman MiBe)
  8478 | D:9      | Slain by Idleism's ghost

Skill      XL: |  1  2  3  4  5  6  7  8  9 10 |
---------------+-------------------------------+-----
Axes           | 3 4 6 7 8 |  8.3
Dodging        | 2 3 4 5 |  5.8
Fighting       | 4 5 6 7 8 |  8.0
Armour         | 3 4 5 6 7 |  7.7
Bows           | 3 6 7 |  7.0

Action                   |  1- 3 |  4- 6 |  7- 9 | 10-12 || total
-------------------------+-------+-------+-------+-------++-------
Melee: Hand axe          |   131 |   129 |       |       ||   260
       War axe           |       |   195 |   249 |   163 ||   607
 Fire: Shortbow          |       |       |   136 |   119 ||   255
Invok: Trog's Hand       |       |     1 |       |       ||     1
       Berserk           |       |     1 |     2 |     4 ||     7
       Burn Spellbooks   |       |       |       |     1 ||     1
  Use: Scroll            |       |     3 |     5 |       ||     8
  Eat: Chunk             |     1 |    10 |    10 |     9 ||    30
       Fruit             |       |       |     1 |       ||     1
Armor: Scale mail        |   130 |   217 |   155 |    98 ||   600
       Animal skin       |     1 |       |       |       ||     1
Dodge: Dodged            |    97 |   216 |   180 |    63 ||   556
Block: Other             |       |       |    49 |    29 ||    78
       Reflection        |       |       |     6 |     1 ||     7
